 Dungeon Crawl Stone Soup version 0.17.1-3-g152610e (webtiles) character file.

2029 Jerry the Cleaver (level 9, -18/70 HPs)
             Began as a Hill Orc Fighter on Mar 11, 2016.
             Demolished by a hill giant
             ... wielding a +0 giant club
              (33 damage)
             ... on level 7 of the Dungeon.
             The game lasted 00:37:29 (6154 turns).

Jerry the Cleaver (Hill Orc Fighter)                Turns: 6154, Time: 00:37:29

Health: -18/70     AC: 16    Str: 22    XL:     9   Next: 23%
Magic:  9/9        EV:  6    Int: 15    God:
Gold:   388        SH: 11    Dex: 10    Spells: 0 memorised, 8 levels left

rFire  . . .     SeeInvis +     a - +0 war axe
rCold  + + .     Clarity  .     P - +2 chain mail "Tougulya" {rCorr Int+7 SInv}
rNeg   . . .     SustAt   .     c - +0 shield
rPois  +         Gourm    .     (no helmet)
rElec  .         Spirit   .     L - +0 cloak {rPois}
rCorr  +         Warding  .     p - +1 pair of gloves
rMut   .         Stasis   .     (no boots)
MR     .....                    (no amulet)
Stlth  ..........               (no ring)
                                B - ring of protection from cold

@: not resistant to hostile enchantments, extremely unstealthy
A: cold resistance 1, sense surroundings 1, evolution 1
a: no special abilities


You were on level 7 of the Dungeon.
You were not hungry.

You visited 2 branches of the dungeon, and saw 8 of its levels.

You collected 470 gold pieces.
You spent 82 gold pieces at shops.

Inventory:

Hand Weapons
 a - a +0 war axe (weapon)
Armour
 c - a +0 shield (worn)
 p - a +1 pair of gloves (worn)
 L - a +0 cloak of poison resistance (worn)
 M - a +2 chain mail of fire resistance
 P - the +2 chain mail "Tougulya" (worn) {rCorr Int+7 SInv}
   (You found it on level 7 of the Dungeon)

   It affects your intelligence (+7).
   It lets you see invisible.
   It protects you from acid and corrosion.
Jewellery
 q - an uncursed ring of teleportation
 B - a ring of protection from cold (left hand)
Wands
 d - a wand of polymorph (4)
 n - a wand of lightning (4)
 r - a wand of cold (4)
 t - a wand of slowing (44)
 v - a wand of polymorph (7)
 w - a wand of polymorph (15)
 y - a wand of paralysis (5)
 J - a wand of digging (13)
 O - a wand of fire (4)
Scrolls
 k - 3 scrolls of remove curse
 l - 2 scrolls of teleportation
 m - a scroll of enchant armour
 D - 2 scrolls of fear
 F - a scroll of magic mapping {unknown}
 G - a scroll of fog
 K - a scroll of immolation {unknown}
Potions
 f - 2 potions of invisibility {unknown}
 g - a potion of brilliance {unknown}
 h - 2 potions of haste {unknown}
 i - 4 potions of agility {unknown}
 j - 2 potions of magic {unknown}
 z - 4 potions of curing
 C - a potion of berserk rage {unknown}
 E - a potion of heal wounds {unknown}
 H - a potion of lignification {unknown}
 I - 2 potions of cancellation {unknown}
Books
 N - a book of Necromancy

   Spells                             Type                      Level
   a - Pain                           Necromancy                   1
   b - Animate Skeleton               Necromancy                   1
   c - Vampiric Draining              Necromancy                   3
   d - Regeneration                   Charms/Necromancy            3
   e - Animate Dead                   Necromancy                   4
   f - Control Undead                 Necromancy                   4
Comestibles
 b - a chunk of flesh
 e - 5 bread rations
 o - 2 royal jellies
 s - 2 beef jerkies
 u - a fruit
 x - 3 slices of pizza
 A - a meat ration


   Skills:
 - Level 3.6 Fighting
 + Level 9.4 Axes
 + Level 8.0 Armour
 + Level 8.3 Shields


You had 8 spell levels left.
You didn't know any spells.

Dungeon Overview and Level Annotations

Branches:
Dungeon (7/15)             Temple (1/1) D:6

Altars:
Ashenzari
Cheibriados
Dithmenos
Elyvilon
Fedhas
Gozag
Kikubaaqudgha
Makhleb
Nemelex Xobeh
Okawaru
Qazlal
Ru
Sif Muna
Trog
Vehumet
Xom
Yredelemnul
Zin
The Shining One

Shops:
D:4 !


Innate Abilities, Weirdness & Mutations

Your flesh is cold resistant.
You passively map a small area around you.
You evolve.


Message History

The hill giant hits you but does no damage.
You hit the hill giant.
The hill giant is heavily wounded.
The hill giant hits you with a giant club!!
You hit the hill giant.
The hill giant is heavily wounded.
You block the hill giant's attack.
You barely miss the hill giant.
The hill giant is heavily wounded.
You block the hill giant's attack.
You hit the hill giant but do no damage.
The hill giant is heavily wounded.
You hit the hill giant.
The hill giant is severely wounded.
The hill giant hits you with a giant club!!
* * * LOW HITPOINT WARNING * * *
You slash the hill giant!
The hill giant is almost dead.
The hill giant hits you with a giant club!!
You die...

####.............# #..).#
...#.............# #.##.#
...#.............# #.##.#
...............>## #.##.#
................#####.##.#
#........(............##.#
#....####§§§############.#
#...##* §§§§§ #.......#.#
#...# .§§.§ #@####....#
#...# ,§.§.§ #C# ######
#.... .§.......# ...#
,.§_.§§§..# ...#
§...§....# ...#
,§..§§§.#.# ...#
§§§.§§.#### ...# **#§§.§§#
* ...# * ##†..#* *,


You could see a hill giant.

Vanquished Creatures
  Grinder (D:4)
  Sigmund (D:5)
  2 black bears
  2 phantoms
  A centaur (D:6)
  3 ogres (D:5)
  A necrophage (D:4)
  A crocodile (D:4)
  A giant frog (D:6)
  A water moccasin skeleton (D:6)
  3 crimson imps
  3 hounds
  An orc priest (D:5)
  3 orc wizards
  3 iguanas (D:4)
  5 worker ants
  A hound zombie (D:7)
  2 hound skeletons
  A shadow imp (D:5)
  9 adders
  An adder skeleton (D:6)
  3 worms
  4 giant geckos
  15 orcs
  3 giant cockroaches
  10 goblins
  6 hobgoblins
  10 jackals
  5 kobolds
  2 quokkas
  2 ball pythons
  5 bats
  7 giant newts
  6 rats
124 creatures vanquished.

Notes
Turn   | Place    | Note
--------------------------------------------------------------
     0 | D:1      | Jerry the Hill Orc Fighter began the quest for the Orb.
     0 | D:1      | Reached XP level 1. HP: 19/19 MP: 1/1
   130 | D:1      | Reached XP level 2. HP: 26/26 MP: 2/2
   609 | D:1      | Reached XP level 3. HP: 31/31 MP: 3/3
  1093 | D:2      | Reached skill level 4 in Shields
  1656 | D:3      | Reached XP level 4. HP: 39/39 MP: 4/4
  1857 | D:3      | Found a snail-covered altar of Cheibriados.
  1869 | D:3      | Found a deep blue altar of Sif Muna.
  1877 | D:3      | Found a white marble altar of Elyvilon.
  1899 | D:3      | Found a shimmering altar of Xom.
  2338 | D:4      | Reached XP level 5. HP: 8/45 MP: 5/5
  2632 | D:4      | Found an opulent altar of Gozag.
  2691 | D:4      | Found Lainey's Distillery.
  2696 | D:4      | Bought a potion of mutation for 27 gold pieces
  2696 | D:4      | Bought a potion of curing for 33 gold pieces
  2696 | D:4      | Bought a potion of degeneration for 11 gold pieces
  2696 | D:4      | Bought a potion of poison for 11 gold pieces
  2703 | D:4      | Noticed a black bear
  2715 | D:4      | Killed a black bear
  2715 | D:4      | Reached skill level 5 in Axes
  2715 | D:4      | Reached skill level 5 in Shields
  2715 | D:4      | Reached XP level 6. HP: 24/51 MP: 6/6
  2904 | D:4      | Found a blossoming altar of Fedhas.
  2965 | D:4      | Found a bloodstained altar of Trog.
  2969 | D:4      | Noticed a necrophage
  2980 | D:4      | Killed a necrophage
  2980 | D:4      | Reached skill level 5 in Armour
  3020 | D:4      | Noticed a phantom
  3066 | D:4      | Killed a phantom
  3066 | D:4      | Reached skill level 6 in Axes
  3066 | D:4      | Reached XP level 7. HP: 49/57 MP: 7/7
  3260 | D:4      | Noticed a crocodile
  3271 | D:4      | Killed a crocodile
  3449 | D:5      | Entered Level 5 of the Dungeon
  3453 | D:5      | Noticed Grinder
  3541 | D:4      | Killed Grinder
  3541 | D:4      | Reached skill level 7 in Axes
  3541 | D:4      | Reached XP level 8. HP: 34/64 MP: 8/8
  3702 | D:5      | Gained mutation: Your mind is acute. (Int +2) [potion of mutation]
  3702 | D:5      | Gained mutation: You evolve. [potion of mutation]
  3703 | D:5      | Lost mutation: Your mind is acute. (Int +2) [potion of mutation]
  3703 | D:5      | Gained mutation: You passively map a small area around you. [potion of mutation]
  3997 | D:5      | Reached skill level 8 in Axes
  4240 | D:5      | Noticed Sigmund
  4281 | D:5      | Gained mutation: Your flesh is cold resistant. [evolution]
  4289 | D:5      | Killed Sigmund
  4964 | D:6      | Reached XP level 9. HP: 67/70 MP: 9/9
  4978 | D:6      | Found an iron altar of Okawaru.
  4987 | D:6      | Reached skill level 9 in Axes
  5044 | D:6      | Found a staircase to the Ecumenical Temple.
  5058 | Temple   | Entered the Ecumenical Temple
  5262 | D:6      | Got an iridescent great sword
  5285 | D:6      | Found a sacrificial altar of Ru.
  5398 | D:6      | Found a sparkling altar of Nemelex Xobeh.
  5399 | D:6      | Found a radiant altar of Vehumet.
  5894 | D:7      | Found a shadowy altar of Dithmenos.
  5895 | D:7      | Noticed a hill giant
  5950 | D:7      | Got a citrine-encrusted chain mail
  5961 | D:7      | Identified the +2 chain mail "Tougulya" {rCorr Int+7 SInv} (You found it on level 7 of the Dungeon)
  6154 | D:7      | Demolished by a hill giant

Action                   |  1- 3 |  4- 6 |  7- 9 || total
-------------------------+-------+-------+-------++-------
Melee: War axe           |   125 |   110 |   284 ||   519
       Unarmed           |       |       |     9 ||     9
Evoke: Wand              |       |       |     5 ||     5
  Use: Scroll            |       |     8 |     3 ||    11
       Potion            |       |       |     3 ||     3
  Eat: Chunk             |     3 |     4 |    10 ||    17
       Fruit             |       |       |     1 ||     1
